AoeStats
← 啊超

African Clearing

504268517Analyzed
4v4 RM · 27d ago on Sep 4, 2026· 59m 56s· 8 players
Game mode
Random Map
Map size
Large (8 player)
Population
200
Speed
Normal
Resources
Standard
Victory
Conquest
Starting age
Dark Age
Ending age
Imperial Age
RankedLock teamsTeams togetherTeam positionsShared explorationLock speedFull tech treeHidden civsTurbo modeCheats
Victory
Defeat
🇨🇳 Ethiopians · China
1073
+12
🇦🇷 Vietnamese · Argentina
1017
+15
🇨🇳 Franks · China
958
+18
🇻🇳 Japanese · Vietnam
936
+19
1042
-18
🇪🇸 Mongols · Spain
1030
-18
🇺🇸 Bulgarians · United States
973
-15
🇱🇻 Vikings · Latvia
935
-13
mbettis243
4:29 Loom
5:06 Loom
15:44 Feudal Age
16:36 Double-Bit Axe
21:49 Castle Age
20:55 Fletching
21:26 Horse Collar
22:46 Bodkin Arrow
23:47 Wheelbarrow
26:22 Husbandry
28:57 Bloodlines
29:27 Scale Barding Armor
34:11 Chain Barding Armor
34:16 Heavy Plow
34:53 Forging
35:05 Town Watch
37:46 Stirrups
39:05 Hand Cart
38:50 Town Patrol
39:35 Iron Casting
42:44 Imperial Age
39:43 Elite Skirmisher
40:17 Elite Skirmisher
40:24 Elite Skirmisher
41:23 Thumb Ring
43:17 Padded Archer Armor
46:55 Scale Mail Armor
47:32 Plate Barding Armor
Crusader
3:49 Loom
18:06 Feudal Age
27:57 Castle Age
33:43 Forging
33:34 Scale Mail Armor
33:18 Man-at-Arms
34:34 Squires
34:53 Long Swordsman
35:50 Double-Bit Axe
40:17 Iron Casting
41:35 Chain Mail Armor
49:49 Bow Saw
paugrvlc
5:37 Loom
12:47 Feudal Age
14:00 Double-Bit Axe
16:30 Wheelbarrow
22:19 Castle Age
20:16 Gold Mining
20:48 Stone Mining
23:25 Hand Cart
25:03 Horse Collar
31:02 Ballistics
30:38 Fletching
30:48 Padded Archer Armor
31:51 Bloodlines
33:00 Thumb Ring
33:38 Husbandry
34:28 Leather Archer Armor
34:10 Bodkin Arrow
38:55 Imperial Age
39:04 Town Watch
40:53 Parthian Tactics
42:06 Chemistry
41:42 Conscription
43:52 Bracer
46:26 Pikeman
47:12 Heavy Plow
50:01 Forging
49:51 Scale Mail Armor
老外 我一会儿塔爆啊
7:56 Loom
12:49 Feudal Age
17:51 Castle Age
15:44 Double-Bit Axe
16:01 Fishing Lines
19:19 Bow Saw
24:13 Gillnets
28:01 Wheelbarrow
28:12 Squires
30:30 Hand Cart
30:57 Forging
35:44 Imperial Age
33:39 Scale Barding Armor
34:09 Iron Casting
34:53 Stone Mining
35:36 Chain Barding Armor
36:02 Padded Archer Armor
35:53 Fletching
37:05 Conscription
37:06 Bodkin Arrow
38:07 Scale Mail Armor
38:01 Gold Mining
39:16 Ballistics
38:37 Treadmill Crane
39:22 Leather Archer Armor
38:49 Elite Skirmisher
39:35 Thumb Ring
39:34 Husbandry
38:54 Light Cavalry
38:56 Cavalier
40:35 Gold Shaft Mining
41:04 Two-Man Saw
40:46 Ring Archer Armor
40:53 Plate Barding Armor
41:54 Chain Mail Armor
41:40 Bracer
41:02 Pikeman
42:52 Chemistry
42:03 Fortified Wall
41:48 Murder Holes
41:48 Hussar
43:07 Plate Mail Armor
43:19 Gambesons
43:36 Halberdier
45:15 Stone Shaft Mining
44:56 Greek Fire
53:01 Guard Tower
52:57 Arrowslits
54:23 Heavy Camel Rider
啊超
5:07 Loom
14:36 Feudal Age
19:25 Castle Age
22:01 Crossbowman
22:59 Fletching
29:54 Gold Mining
31:40 Thumb Ring
35:32 Ballistics
36:18 Husbandry
37:26 Forging
37:22 Scale Barding Armor
40:05 Imperial Age
39:54 Iron Casting
42:06 Chemistry
40:47 Heavy Camel Rider
43:18 Blast Furnace
44:57 Padded Archer Armor
48:04 Light Cavalry
49:58 Hussar
51:18 Arbalester
EnanaAtomica
13:18 Feudal Age
11:40 Loom
17:05 Castle Age
15:15 Double-Bit Axe
28:25 Fletching
29:42 Wheelbarrow
28:53 Town Watch
30:15 Horse Collar
32:08 Ballistics
31:44 Murder Holes
34:19 Hand Cart
33:35 Pikeman
37:38 Imperial Age
35:17 Elite Skirmisher
36:03 Thumb Ring
38:23 Imperial Skirmisher
42:18 Chemistry
42:59 Elite Rattan Archer
44:21 Bodkin Arrow
44:27 Padded Archer Armor
46:53 Gold Mining
48:38 Leather Archer Armor
48:24 Bracer
58:21 Chatras
58:43 Paper Money
ydyk123
5:30 Loom
15:25 Feudal Age
16:09 Double-Bit Axe
20:28 Castle Age
21:42 Bow Saw
31:46 Wheelbarrow
33:52 Imperial Age
31:49 Gold Mining
31:50 Stone Mining
32:53 Hand Cart
33:41 Scale Barding Armor
33:47 Forging
35:05 Husbandry
34:59 Capped Ram
37:04 Cavalier
39:31 Chain Barding Armor
40:04 Paladin
44:16 Conscription
44:36 Plate Barding Armor
46:34 Hoardings
46:37 Iron Casting
46:02 Scale Mail Armor
46:03 Padded Archer Armor
45:53 Fletching
50:46 Light Cavalry
52:35 Blast Furnace
51:31 Bodkin Arrow
51:51 Leather Archer Armor
51:39 Chivalry
david
13:32 Feudal Age
14:37 Double-Bit Axe
26:29 Castle Age
30:33 Bow Saw
30:48 Scale Barding Armor
38:58 Horse Collar
45:58 Forging
46:55 Scale Mail Armor
48:49 Iron Casting
48:21 Gold Mining
49:35 Arson
49:39 Gambesons
52:14 Squires
53:21 Chain Mail Armor
54:08 Heavy Plow
59:56 Imperial Age
60:42 Wheelbarrow
Connection lost

Rejoining the realm…

Still unreachable

The connection could not be restored.

Session expired

The server has moved on; the page needs a fresh start.